 Dungeon Crawl Stone Soup version 0.31-a0-1388-g4b2ba238e7 (webtiles) character file.

Game seed: 14733397729302617442

507 BigPumpCobain the Ruffian (level 6, -2/61 HPs)
             Began as a Troll Shapeshifter on Dec 25, 2023.
             Slain by an orc
             ... wielding a +0 whip
              (3 damage)
             ... on level 5 of the Dungeon.
             The game lasted 00:04:20 (2086 turns).

BigPumpCobain the Ruffian (Troll Shapeshifter)      Turns: 2086, Time: 00:04:21

Health: -2/61      AC:  4    Str: 25    XL:     6   Next: 97%
Magic:  5/5        EV:  9    Int:  6    God:
Gold:   269        SH:  0    Dex:  9    Spells: 5/5 levels left

rFire   . . .        w - +0 giant spiked club
rCold   . . .        (shield currently unavailable)
rNeg    . . .        a - +0 animal skin
rPois   .            (helmet currently unavailable)
rElec   .            (cloak currently unavailable)
rCorr   .            (gloves unavailable)
SInv    .            (boots unavailable)
Will    .....        (no amulet)
Stlth   +            (no ring)
HPRegen 1.10/turn    (no ring)
MPRegen 0.09/turn

%: no passive effects
@: lethally poisoned (-2 -> -2), beast-form
A: beast (slay +2), large, unfitting armour, claws 3, regeneration 1, shaggy fur
1, tough skin 1
a: Begin Untransformation


You were on level 5 of the Dungeon.
You were a hulking beast.
You visited 1 branch of the dungeon, and saw 5 of its levels.

You collected 269 gold pieces.

Inventory:

Hand Weapons
 j - the +3 dagger of Noahita {freeze, rN+}
   (You found it on level 2 of the Dungeon)

   rN+:       It protects you from negative energy.
 w - a +0 giant spiked club (weapon)
Missiles
 r - 2 throwing nets
Armour
 a - a +0 animal skin (worn)
Talismans
 c - a beast talisman
 d - a flux talisman
Wands
 m - a wand of flame (14)
Scrolls
 b - 2 scrolls of enchant weapon {unknown}
 g - 3 scrolls of vulnerability {unknown}
 i - 2 scrolls of fog {unknown}
 k - 2 scrolls of amnesia {unknown}
 o - 3 scrolls of immolation {unknown}
 s - 2 scrolls of identify {unknown}
 t - a scroll of enchant armour {unknown}
 u - 2 scrolls of revelation {unknown}
Potions
 e - 3 potions of curing {unknown}
 f - a potion of ambrosia {unknown}
 h - 3 potions of might {unknown}
 l - a potion of attraction {unknown}
 n - a potion of magic {unknown}
 p - 2 potions of heal wounds {unknown}
 q - a potion of mutation {unknown}
 v - a potion of lignification


   Skills:
 + Level 3.5 Fighting
 - Level 1.5 Dodging
 + Level 5.1 Unarmed Combat
 + Level 4.8 Shapeshifting


You had 5 spell levels left.
You didn't know any spells.
Your spell library contained the following spells:

 Spells                   Type           Power      Damage    Failure   Level
 Slow                     Hex            0%         N/A       45%         1
 Confusing Touch          Hex            0%         N/A       83%         3
 Sigil of Binding         Hex            0%         N/A       83%         3
 Vampiric Draining        Necr           0%         2d6       83%         3


Dungeon Overview and Level Annotations

Branches:
Dungeon (5/15)
 Temple: D:4-7

Altars:


Innate Abilities, Weirdness & Mutations

You are a hulking beast.
Your limbs bulge with bestial killing power. (Slay +2)
You are too large for most types of armour.
You have claws for hands.
Your natural rate of healing is unusually fast.
You are covered in fur. (AC +1)
You have tough skin. (AC +1)


Message History

You are too injured to fight recklessly!
You are too injured to fight recklessly!
You are too injured to fight recklessly!
You are too injured to fight recklessly!
You are too injured to fight recklessly!
You are too injured to fight recklessly!
You are too injured to fight recklessly!
You are too injured to fight recklessly!
You are too injured to fight recklessly!
You are too injured to fight recklessly!
You are too injured to fight recklessly!
You barely miss the orc. The adder bites you.
The orc priest invokes the aid of Beogh against you.
Beogh smites you!
* * * LOW HITPOINT WARNING * * *
The orc hits you with a +0 whip.
* * * LOW HITPOINT WARNING * * *
The adder bites you.
* * * LOW HITPOINT WARNING * * *
You are poisoned.
The adder poisons you!
The orc priest hits you but does no damage.
The orc hits you but does no damage.
You closely miss the orc.
You feel very sick. The adder barely misses you. The adder closely misses you.
The orc priest invokes the aid of Beogh against you.
Pain shoots through your body!
* * * LOW HITPOINT WARNING * * *
The orc completely misses you. The adder closely misses you.
The orc closely misses you.
The orc priest looks braver for a moment.
You closely miss the orc.
You feel sick. The adder bites you but does no damage.
The orc barely misses you.
The orc priest casts a cantrip, but nothing happens.
The adder barely misses you.
Okay, then.
You feel sick. The orc attacks as it pursues you!
The orc hits you with a +0 whip.
You die...

....# #.#.........
########..#.#.#.........#
#.........#.#.#.........#
#...........#.#.........#
#..)........#.#.........#
#....o....#...#.........#
#......)..#.............#
#......oS.#.#...........#
#.......h.#.#.#..########
#########.#.#......### ##
#.....#.#.######...###.
###+###.#.#..............
....)...#...##########...
............# #.>.
............#############
............†............
............########....#


You could see an orc priest, an adder and an orc.

Vanquished Creatures
  Eustachio (D:4)
  An ogre (D:5)
  A scorpion (D:5)
  An iguana (D:5)
  An orc wizard (D:5)
  6 adders
  3 gnolls
  3 worms
  5 dart slugs
  3 orcs (D:4)
  5 endoplasms
  2 giant cockroaches (D:1)
  7 hobgoblins
  4 quokkas
  4 ball pythons
  6 bats
  7 goblins
  4 kobolds
  5 rats
69 creatures vanquished.

Notes
Turn   | Place    | Note
-------+----------+-------------------------------------------
     0 | D:1      | BigPumpCobain the Troll Shapeshifter began the quest for
                  | the Orb.
     0 | D:1      | Reached XP level 1. HP: 18/18 MP: 0/0
    26 | D:1      | Reached skill level 1 in Fighting
   149 | D:1      | Reached XP level 2. HP: 27/27 MP: 1/1
   288 | D:1      | You fall into a shaft and drop 1 floor!
   310 | D:2      | Reached XP level 3. HP: 21/33 MP: 2/2
   340 | D:2      | Identified the +3 dagger of Noahita {freeze, rN+}
   744 | D:3      | Reached XP level 4. HP: 24/42 MP: 3/3
  1241 | D:3      | Reached skill level 4 in Unarmed Combat
  1249 | D:4      | Reached XP level 5. HP: 41/50 MP: 4/4
  1396 | D:4      | Noticed Eustachio
  1410 | D:4      | Killed Eustachio
  1411 | D:4      | Reached XP level 6. HP: 22/61 MP: 5/5
  1944 | D:5      | Entered Level 5 of the Dungeon
  2039 | D:5      | Reached skill level 5 in Unarmed Combat
  2084 | D:5      | HP: 1/61 [orc priest/nerve-wracking pain (9)]
  2086 | D:5      | Slain by an orc

Illustrated notes

Levels and vault maps discovered:
D:1:      lightli_arrival_statue_moat, layout_loops_ring
D:2:      layout_rooms, minmay_tall_x
D:3:      layout_rooms
D:4:      layout_basic, uniq_eustachio
D:5:      layout_basic, kennysheep_generic_room_8, uniq_blork_the_orc

Skill      XL: |  1  2  3  4  5  6 |
---------------+-------------------+-----
Fighting       | 1 2 3 |  3.5
Unarmed Combat | 4 5 |  5.1
Shapeshifting  | 4 |  4.8
Dodging        | |  1.5

Action                     |  1- 3 |  4- 6 || total
---------------------------+-------+-------++-------
  Melee: Unarmed           |    83 |    82 ||   165
         Punch             |     1 |     2 ||     3
         Giant spiked club |       |    14 ||    14
    Use: Potion            |       |     1 ||     1
 Armour: Animal skin       |    74 |   109 ||   183
         Skin              |       |    14 ||    14
  Dodge: Dodged            |    38 |    88 ||   126

Table legend: (Time is in decaauts)
 A = Elapsed time spent in this place.
 B = Non-inter-level travel time spent in this place.
 C = Inter-level travel time spent in this place.
 D = Time resting spent in this place.
 E = Time spent auto-exploring this place.
 F = Levels seen in this place.
 G = Mean time per level.
                   A        B        C        D        E       F      G
               +--------+--------+--------+--------+--------+-----+--------+
         Total |   2087 |   1984 |    103 |     40 |   1492 |   5 |  417.4 |
       Dungeon |   2087 |   1984 |    103 |     40 |   1492 |   5 |  417.4 |
               +--------+--------+--------+--------+--------+-----+--------+

Top non-repeatable levels by time:
     D:4: 708 daAuts
     D:3: 534 daAuts
     D:2: 405 daAuts
     D:1: 286 daAuts
     D:5: 151 daAuts
